 Dungeon Crawl Stone Soup version 0.29-a0-1065-g47a6bb87d6 (webtiles) character file.

Game seed: 3927282375025769705

158095 freelancePsychic the Warrior (level 17, -14/101 HPs)
             Began as a Vine Stalker Brigand on Aug 18, 2022.
             Was an Initiate of Yredelemnul.
             Killed from afar by a salamander tyrant (27 damage)
             ... on level 1 of the Snake Pit.
             The game lasted 01:03:32 (26341 turns).

freelancePsychic the Warrior (VSBr)                Turns: 26341, Time: 01:03:33

Health: -14/101    AC: 19    Str: 19    XL:     17   Next: 71%
Magic:  0/29       EV: 11    Int: 11    God:    Yredelemnul [......]
Gold:   1666       SH: 14    Dex: 25    Spells: 16/16 levels left

rFire   . . .      SeeInvis .   o - +7 dagger (speed)
rCold   + . .      Faith    +   Y - +0 kite shield {AC+3}
rNeg    . . .      Spirit   +   Q - +0 ring mail {rC+}
rPois   +          Reflect  .   l - +2 helmet
rElec   .          Harm     .   a - +2 cloak
rCorr   .          Rampage  .   y - +0 pair of gloves
Will    ++...                   m - +0 pair of boots
Stlth   +++.......              P - amulet of faith
HPRegen 1.06/turn               r - ring of poison resistance
MPRegen 0.21/turn               s - +6 ring of dexterity

@: weakened, slowed, studying Evocations, very slow
A: fangs 3, regeneration 1, magic shield, antimagic bite, no potion heal 2
a: Renounce Religion, Recall Undead Harvest


You were on level 1 of the Snake Pit.
You worshipped Yredelemnul.
Yredelemnul was pleased with you.
You visited 5 branches of the dungeon, and saw 25 of its levels.
You also visited: Sewer.

You collected 2145 gold pieces.
You spent 479 gold pieces at shops.

Inventory:

Hand Weapons
 o - a +7 dagger of speed (weapon)
Missiles
 e - a curare-tipped dart (quivered)
 U - 4 datura-tipped darts
Armour
 a - a +2 cloak (worn)
 l - a +2 helmet (worn)
 m - a +0 pair of boots (worn)
 y - a +0 pair of gloves (worn)
 Q - a +0 ring mail of cold resistance (worn)
 V - a +0 kite shield
 Y - a +0 kite shield of protection (worn)
Jewellery
 r - a ring of poison resistance (left hand)
 s - a +6 ring of dexterity (right hand)
 P - an amulet of faith (around neck)
 R - a ring of protection from cold
 Z - a +6 ring of strength
Wands
 f - a wand of mindburst (11)
 D - a wand of flame (76)
 F - a wand of digging (10)
 H - a wand of roots (7)
 I - a wand of light (10)
 J - a wand of polymorph (14)
 T - a wand of paralysis (12)
Scrolls
 b - 6 scrolls of immolation
 d - a scroll of brand weapon
 i - 3 scrolls of poison
 j - 2 scrolls of magic mapping
 k - a scroll of noise
 n - 7 scrolls of teleportation {@r4}
 p - a scroll of silence
 x - 2 scrolls of amnesia
 z - 4 scrolls of identify {@r1}
 A - 3 scrolls of fog
 O - a scroll of blinking
 S - 4 scrolls of enchant armour
Potions
 c - a potion of berserk rage
 g - 7 potions of heal wounds {@q2}
 h - 6 potions of flight
 q - 6 potions of haste {@q3}
 t - 2 potions of cancellation
 u - 4 potions of brilliance
 v - 9 potions of curing {@q1}
 w - 3 potions of magic
 C - 7 potions of might
 E - 4 potions of mutation
 G - 5 potions of lignification
 K - 3 potions of resistance
 L - 5 potions of degeneration
 N - 5 potions of attraction
 W - 2 potions of invisibility
 X - a potion of ambrosia
Miscellaneous
 M - a phantom mirror (inert)


   Skills:
 + Level 16.5 Fighting
 - Level 10.0 Short Blades
 - Level 2.5 Throwing
 - Level 7.6 Armour
 + Level 2.2 Dodging
 - Level 4.8 Stealth
 + Level 10.6 Shields
 - Level 14.7 Invocations
 - Level 11.1 Evocations


You had 16 spell levels left.
You didn't know any spells.
Your spell library contained the following spells:

 Spells                   Type           Power      Damage    Failure   Level
 Magic Dart               Conj           0%         1d3       77%         1
 Necrotise                Necr           0%         1d4       77%         1
 Sandblast                Erth           0%         2d4       77%         1
 Slow                     Hex            0%         N/A       77%         1
 Call Imp                 Summ           0%         N/A       88%         2
 Ensorcelled Hibernation  Hex/Ice        0%         N/A       88%         2
 Passwall                 Tmut/Erth      0%         N/A       88%         2
 Static Discharge         Conj/Air       0%         3-3/arc   88%         2
 Sublimation of Blood     Necr           0%         N/A       88%         2
 Wereblood                Tmut           0%         N/A       88%         2
 Confusing Touch          Hex            0%         N/A       98%         3
 Dazzling Flash           Conj/Hex       0%         N/A       98%         3
 Gell's Gravitas          Tloc           0%         N/A       98%         3
 Mephitic Cloud           Conj/Pois/Air  0%         N/A       98%         3
 Spider Form              Tmut/Pois      0%         N/A       98%         3
 Stone Arrow              Conj/Erth      0%         3d7       98%         3
 Teleport Other           Tloc           0%         N/A       98%         3
 Vampiric Draining        Necr           0%         2d6       98%         3
 Anguish                  Hex/Necr       0%         N/A       100%        4
 Iskenderun's Mystic Bla  Conj/Tloc      0%         2d3       100%        4
 Petrify                  Tmut/Erth      0%         N/A       100%        4
 Agony                    Necr           0%         N/A       100%        5
 Blade Hands              Tmut           0%         N/A       100%        5
 Borgnjor's Vile Clutch   Necr/Erth      0%         N/A       100%        5
 Irradiate                Conj/Tmut      0%         3d11      100%        5
 Lightning Bolt           Conj/Air       0%         1d11      100%        5
 Summon Forest            Summ/Tloc      0%         N/A       100%        5
 Dispersal                Tloc           0%         N/A       100%        6
 Eringya's Noxious Bog    Tmut/Pois      0%         N/A       100%        6
 Starburst                Conj/Fire      0%         6d3       100%        6
 Dragon Form              Tmut           0%         N/A       100%        7
 Summon Hydra             Summ           0%         N/A       100%        7
 Maxwell's Capacitive Co  Air            0%         ∞         100%        8
 Animate Dead             Necr           Unusable   N/A       N/A         4
 Death Channel            Necr           Unusable   N/A       N/A         6

Dungeon Overview and Level Annotations

Branches:
Dungeon (15/15) Temple (1/1) D:6 Lair (5/5) D:8 Swamp (0/4) Lair:2 Snake (2/4) Lair:3 Slime (0/5) Lair:5 Orc (2/2) D:12 Elf (0/3) Orc:2 Vaults (0/5) D:12 D:13 D:14 Depths (0/4) D:15 Sewer (visited)

Altars:
Ashenzari
Cheibriados
Dithmenos
Elyvilon
Fedhas
Gozag
Hepliaklqana
Kikubaaqudgha
Makhleb
Nemelex Xobeh
Okawaru
Qazlal
Ru
Sif Muna
Trog
Uskayaw
Vehumet
Wu Jian
Xom
Yredelemnul
Zin
The Shining One

Shops:
D:13 *   Orc:2 (=(?   Snake:1 ((!!   Snake:2 [

Annotations:
D:4 1 runed translucent door, 2 transporters, Crazy Yiuf; Grinder; Zeldest's ghost, novice MeMo
D:10 exclusions: orange crystal statue and ugly thing
Lair:2 1 runed translucent door, ytrimaz's ghost, journeyman DsTm
Lair:3 2 runed translucent doors, avis's ghost, journeyman DgIE
Snake:2 Jorgrun


Innate Abilities, Weirdness & Mutations

You have razor-sharp teeth.
Your natural rate of healing is unusually fast.
When hurt, damage is shared between your health and your magic reserves.
Your bite disrupts and absorbs the magic of your enemies.
Potions cannot restore your health.


Message History

You are engulfed in flames!
* * * LOW HITPOINT WARNING * * *
You hit the salamander tyrant but do no damage.
You bite the salamander tyrant.
The salamander tyrant's magic leaks into the air.
You drain its magic.
You feel invigorated.
The salamander tyrant is moderately wounded.
You block the black mamba's attack.
Unknown command.
Blink to where?
Press: ? - help, Dir - move target
As you read the scroll of blinking, it crumbles to dust.
The salamander tyrant's magic is no longer disrupted.
Aiming: Bolt of Light
Press: ? - help, Shift-Dir - straight line, f - salamander tyrant
Aim: a salamander tyrant (moderately wounded, strong, 85% to hit)
The bolt of light hits the salamander tyrant!
The salamander tyrant is heavily wounded.
The salamander tyrant is blinded.
Aiming: Bolt of Light
Press: ? - help, Shift-Dir - straight line, f/p - salamander tyrant
Aim: a salamander tyrant (heavily wounded, wandering, strong, blind, hasn't noticed you, 85% to hit)
The bolt of light hits the black mamba!!
The black mamba is heavily wounded.
The black mamba is blinded.
The bolt of light hits the salamander tyrant!!
The salamander tyrant is severely wounded.
Aiming: Fastroot
Press: ? - help, Shift-Dir - straight line, p - salamander tyrant The roots erupt in riotous growth!
Roots grab the salamander tyrant.
Roots grab the black mamba.
The grasping roots constrict the black mamba!
The grasping roots constrict the salamander tyrant.
The roots release their grip on the black mamba.
The salamander tyrant rends the earth beneath you!
The blast of magma engulfs the black mamba!!
The black mamba dies!
The blast of magma engulfs you!!
You die...
Your body rises from the dead as a mindless zombie.

.......#### #......#..###...##
##....## ###[...##Z####.###
##.#.## #.#####.##...#Z.
#..#Z# ##.### #.....##.#
...#Z# #....# ####Z....#
..##Z# #)...###..ZZ.####
..##Z## ######........###.#
.###..######...≈...........#.#
## #####.>...N.≈@....#####.#.#
## #...[#####........#.#.#
.### #....<)..[..(.......#.#
...## #....#####....#####.#.#
....## #....#
#....#####...####
.....###....#
#####...........#
......##..### ##.............
###...##[## #.Z.(..........
..###.##)# #....).........


You could see a salamander tyrant (strong, blind, rooted).

Vanquished Creatures
  Kirke (D:12)
  8 slime creatures
  Aizul (Snake:1)
  An ettin (D:15)
  3 hydras
  2 ogre magi
  5 centaur warriors
  A catoblepas (D:15)
  2 salamander tyrants (Snake:1)
  5 anacondas
  7 two-headed ogres
  A merfolk avatar (Lair:5)
  A death yak (Lair:5)
  6 tengu warriors
  3 naga warriors (Snake:1)
  3 naga sharpshooters (Snake:1)
  Urug (Lair:4)
  2 orc high priests (Orc:2)
  2 skeletal warriors (D:13)
  A salamander mystic (Snake:1)
  A bog body (Lair:2)
  A deep troll (D:15)
  7 naga ritualists (Snake:1)
  2 deep elf pyromancers
  7 orc knights
  Pikel (D:7)
  3 wizards
  A deep elf zephyrmancer (D:13)
  4 mana vipers (Snake:1)
  5 orc sorcerers
  2 manticores (D:13)
  5 ugly things
  A salamander (Snake:2)
  4 cyclopes
  10 elephants
  21 black mambas
  A guardian serpent (Snake:1)
  3 naga magi (Snake:1)
  A cane toad (shapeshifter) (D:15)
  9 cane toads
  2 torpor snails
  A kobold demonologist (D:10)
  2 gargoyles
  An unseen horror (D:13)
  A rime drake (Lair:5)
  An efreet (D:13)
  A tengu conjurer (D:14)
  5 trolls
  A hornet (Lair:5)
  4 polar bears (Lair:5)
  A wind drake (Lair:5)
  A snapping turtle (Lair:5)
  10 blink frogs
  2 shadows
  Sigmund (D:6)
  A centaur simulacrum (D:14)
  34 yaks
  3 hogs
  4 basilisks
  8 wraiths
  2 wyverns
  9 humans
  Eustachio (D:6)
  3 steam dragons
  4 vampire mosquitoes
  4 fire bats (D:14)
  4 wargs
  5 nagas
  2 acid dragons
  11 water moccasins
  A hell hound (D:14)
  A sky beast (D:7)
  32 orc warriors
  16 ogres
  21 wolves
  A phantom (D:5)
  6 centaurs
  A lemure (D:6)
  9 bullfrogs
  4 kobold brigands
  4 necrophages
  4 gnoll sergeants
  5 scorpions
  4 wights (D:7)
  8 killer bees
  3 electric eels (Lair:3)
  5 howler monkeys
  2 lava snakes (D:14)
  A jelly (D:5)
  22 orc priests
  A gnoll bouda (D:7)
  5 hounds
  3 iguanas
  17 orc wizards
  5 hell rats (Lair:4)
  Robin (D:2)
  19 gnolls
  7 adders
  2 shadow imps
  3 worms (D:3)
  2 dart slugs
  107 orcs
  3 bats
  8 endoplasms
  3 giant cockroaches (D:1)
  11 goblins
  11 hobgoblins
  6 jackals
  17 kobolds
  3 quokkas
  12 ball pythons
  4 frilled lizards
  3 rats (D:1)
  3 fire vortices (D:14)
680 creatures vanquished.

Vanquished Creatures (collateral kills)
  Erolcha (D:12)
  2 hydras
  A boulder beetle (D:13)
  A catoblepas (Lair:5)
  3 anacondas
  2 two-headed ogres
  4 death yaks (Lair:5)
  2 orc high priests (Orc:2)
  A naga sharpshooter (Snake:1)
  A salamander mystic (Snake:1)
  A skeletal warrior (D:13)
  A sea snake (Lair:5)
  2 naga ritualists (Snake:1)
  A deep elf archer (D:13)
  An orc knight (Orc:2)
  A harpy (Lair:5)
  3 mana vipers (Snake:1)
  4 ugly things
  4 elephants (Lair:2)
  4 manticores
  Maurice (Orc:2)
  Joseph (D:9)
  A naga mage (Snake:1)
  6 black mambas
  2 cane toads (Lair:1)
  A tengu conjurer (D:13)
  4 komodo dragons
  2 trolls
  3 polar bears (Lair:5)
  A hornet (Lair:5)
  A hornet (shapeshifter) (D:14)
  2 slime creatures
  2 blink frogs (Lair:5)
  A centaur simulacrum (D:12)
  A wraith (Lair:5)
  3 wyverns
  12 yaks
  7 humans
  A vampire mosquito (D:13)
  Grum (D:8)
  4 water moccasins
  6 orc warriors
  12 wolves
  2 centaurs
  3 ogres
  A killer bee (D:10)
  2 howler monkeys (D:12)
  6 orc priests
  2 orc wizards (Orc:2)
  A hell rat (Lair:4)
  2 gnolls (D:12)
  23 orcs
  4 kobolds (D:9)
161 creatures vanquished.

Vanquished Creatures (others)
  A spectral orc (D:13)
  A two-headed ogre (D:15)
  2 anaconda zombies (Snake:1)
  A spectral human (Lair:5)
  A wizard (D:15)
  2 ugly thing zombies (D:14)
  A black mamba (Snake:1)
  2 catoblepas zombies
  2 mana viper zombies (Snake:1)
  A harpy zombie (Lair:5)
  A guardian serpent zombie (Snake:1)
  9 black mamba zombies (Snake:1)
  2 slime creature zombies (D:14)
  2 fire bat zombies (D:14)
  5 naga zombies (Snake:1)
  A spectral cane toad (Lair:5)
  A cane toad zombie (Lair:5)
  4 two-headed ogre zombies
  A spectral efreet (D:13)
  An elf zombie (D:13)
  A hornet zombie (Lair:5)
  4 blink frog zombies
  2 manticore zombies
  2 elephant zombies (Lair:5)
  A vampire mosquito zombie (D:13)
  A scorpion (D:6)
  A wyvern zombie (D:10)
  3 water moccasin zombies
  3 tengu zombies
  A yak zombie (Lair:5)
  2 polar bear zombies (Lair:5)
  A troll zombie (D:14)
  A spectral wolf (Lair:2)
  10 wolf zombies
  3 bullfrog zombies
  3 centaur zombies
  A basilisk zombie (D:13)
  A spectral steam dragon (D:8)
  5 killer bee zombies
  6 ogre zombies
  An acid dragon zombie (D:13)
  7 human zombies
  A howler monkey zombie (D:13)
  A spectral electric eel (Lair:3)
  A hell rat zombie (Lair:4)
  A gnoll zombie (D:8)
  A lava snake zombie (D:14)
  A ball python zombie (D:6)
  57 orc zombies
  51 fungi
  117 plants
332 creatures vanquished.

Grand Total: 1173 creatures vanquished

Notes
Turn   | Place    | Note
-------+----------+-------------------------------------------
     0 | D:1      | freelancePsychic the Vine Stalker Brigand began the quest
                  | for the Orb.
     0 | D:1      | Reached XP level 1. HP: 11/11 MP: 2/2
   202 | D:1      | Reached XP level 2. HP: 15/15 MP: 3/3
   213 | D:1      | Reached skill level 2 in Fighting
   620 | D:1      | Found a faded altar of an unknown god.
   687 | D:1      | Reached XP level 3. HP: 16/18 MP: 4/4
  1566 | D:2      | Noticed Robin
  1779 | D:2      | Killed Robin
  1780 | D:2      | Gained mutation: Your natural rate of healing is unusually
                  | fast. [Vine Stalker growth]
  1780 | D:2      | Reached XP level 4. HP: 14/23 MP: 5/5
  2186 | D:3      | Found a broken altar of Ashenzari.
  2523 | D:3      | Reached XP level 5. HP: 27/27 MP: 6/6
  2821 | D:3      | Reached skill level 1 in Evocations
  3001 | D:4      | Noticed Grinder
  3092 | D:4      | Found a runed translucent door.
  3092 | D:4      | Found the +6 shillelagh "Devastator" {shatter}
  3093 | D:4      | Noticed Crazy Yiuf
  3155 | D:4      | Reached skill level 3 in Fighting
  3335 | D:4      | Noticed a phantom
  3400 | D:4      | Reached XP level 6. HP: 32/32 MP: 7/7
  3477 | D:4      | Found a transporter.
  3480 | D:4      | Noticed Zeldest's ghost (novice MeMo)
  3481 | D:4      | Found a transporter.
  3572 | D:4      | Paralysed by Grinder for 3 turns
  3576 | D:5      | Entered Level 5 of the Dungeon
  3761 | D:5      | Reached XP level 7. HP: 32/36 MP: 6/8
  3804 | D:5      | Reached skill level 5 in Short Blades
  4330 | D:5      | Found a shimmering altar of Xom.
  4337 | D:5      | Reached skill level 4 in Fighting
  4689 | D:5      | Found a shadowy altar of Dithmenos.
  4946 | D:6      | Gained mutation: You have razor-sharp teeth. [Vine Stalker
                  | growth]
  4946 | D:6      | Reached XP level 8. HP: 42/42 MP: 9/9
  4946 | D:6      | Noticed Sigmund
  4961 | D:6      | Killed Sigmund
  5147 | D:6      | Reached skill level 5 in Fighting
  5246 | D:6      | Found a staircase to the Ecumenical Temple.
  5276 | Temple   | Entered the Ecumenical Temple
  5343 | Temple   | Became a worshipper of Cheibriados the Contemplative
  5371 | Temple   | Fell from the grace of Cheibriados
  5371 | Temple   | Became a worshipper of Yredelemnul the Dark
  5445 | D:6      | Noticed Eustachio
  5488 | D:6      | Killed Eustachio
  5489 | D:6      | Reached XP level 9. HP: 44/47 MP: 10/10
  5568 | D:6      | Found a shimmering blue altar of Sif Muna.
  5629 | D:6      | Found a glowing drain.
  5640 | Sewer    | Entered a sewer
  6024 | D:7      | Noticed Pikel
  6095 | D:7      | Reached skill level 5 in Evocations
  6105 | D:7      | Found a radiant altar of Vehumet.
  6106 | D:7      | Found a sacrificial altar of Ru.
  6107 | D:7      | Found a bloodstained altar of Trog.
  6107 | D:7      | Found an ancient bone altar of Kikubaaqudgha.
  6108 | D:7      | Found an ornate altar of the Wu Jian Council.
  6109 | D:7      | Found a glowing silver altar of Zin.
  6109 | D:7      | Found a hide-covered altar of Uskayaw.
  6110 | D:7      | Found a glowing golden altar of the Shining One.
  6197 | D:7      | Killed Pikel
  6198 | D:7      | Reached skill level 6 in Fighting
  6198 | D:7      | Reached skill level 1 in Invocations
  6520 | D:7      | Reached * piety under Yredelemnul
  6795 | D:7      | Reached ** piety under Yredelemnul
  6795 | D:7      | Reached XP level 10. HP: 42/53 MP: 13/13
  7141 | D:8      | Noticed Grum
  7155 | D:8      | Killed Grum
  7165 | D:8      | Your ally Grum died
  7398 | D:8      | Found a staircase to the Lair.
  7429 | D:8      | Noticed a six-headed hydra
  7732 | D:8      | Killed a six-headed hydra
  7733 | D:8      | Reached skill level 7 in Fighting
  7752 | D:8      | Reached skill level 10 in Short Blades
  7952 | D:9      | Found an opulent altar of Gozag.
  8135 | D:9      | Found a sparkling altar of Nemelex Xobeh.
  8323 | D:9      | Reached skill level 1 in Armour
  8466 | D:9      | Noticed Joseph
  8481 | D:9      | Killed Joseph
  9007 | D:10     | Entered Level 10 of the Dungeon
  9012 | D:10     | Noticed an orange crystal statue
  9112 | D:10     | Reached skill level 5 in Invocations
  9140 | D:10     | Noticed a white ugly thing
  9220 | D:10     | Reached skill level 8 in Fighting
  9277 | D:10     | Noticed a kobold demonologist
  9280 | D:10     | Noticed a sun demon
  9343 | D:10     | Killed a kobold demonologist
  9344 | D:10     | Reached XP level 11. HP: 35/60 MP: 12/16
  9699 | D:10     | Reached *** piety under Yredelemnul
 10088 | Lair:1   | Entered Level 1 of the Lair of Beasts
 10300 | Lair:1   | Reached skill level 9 in Fighting
 10522 | Lair:1   | Was forgiven by Cheibriados
 11010 | Lair:2   | Found a staircase to the Swamp.
 11010 | Lair:2   | Noticed a bog body
 11035 | Lair:2   | Killed a bog body
 11331 | Lair:2   | Reached skill level 10 in Fighting
 11419 | Lair:2   | Reached XP level 12. HP: 66/67 MP: 18/18
 11464 | Lair:2   | Reached **** piety under Yredelemnul
 11487 | Lair:2   | Found a runed translucent door.
 11487 | Lair:2   | Found a shimmering altar of Xom.
 11487 | Lair:2   | Noticed ytrimaz's ghost (journeyman DsTm)
 11510 | Lair:2   | Reached ***** piety under Yredelemnul
 11631 | Lair:2   | Reached ****** piety under Yredelemnul
 11916 | Lair:2   | Reached skill level 11 in Fighting
 12396 | Lair:3   | Found a runed translucent door.
 12397 | Lair:3   | Identified the +0 trident of Dituiz Fogh {holy, rCorr MP+9
                  | Str+3}
 12399 | Lair:3   | Noticed avis's ghost (journeyman DgIE)
 12415 | Lair:3   | Found a staircase to the Snake Pit.
 13092 | Lair:3   | Found a runed translucent door.
 13186 | Lair:3   | You fall into a shaft and drop 1 floor!
 13820 | Lair:4   | Reached XP level 13. HP: 74/74 MP: 21/21
 14213 | Lair:3   | Reached skill level 5 in Armour
 14631 | Lair:5   | Entered Level 5 of the Lair of Beasts
 14633 | Lair:5   | Noticed Urug
 14661 | Lair:4   | Killed Urug
 14722 | Lair:5   | Reached skill level 10 in Invocations
 14789 | Lair:5   | Reached skill level 12 in Fighting
 14966 | Lair:5   | Found a staircase to the Slime Pits.
 14986 | Lair:5   | Noticed Josephine
 14995 | Lair:5   | Killed Josephine
 14995 | Lair:5   | Enslaved Josephine
 15121 | Lair:5   | HP: 3/76 [catoblepas (14)]
 15177 | Lair:5   | Your ally Josephine died
 15516 | Lair:5   | Reached XP level 14. HP: 55/81 MP: 21/23
 15566 | Lair:5   | Reached skill level 13 in Fighting
 16412 | D:11     | Reached skill level 1 in Dodging
 16923 | D:12     | Noticed Kirke
 17006 | D:12     | Reached skill level 1 in Shields
 17155 | D:12     | Noticed Erolcha
 17184 | D:12     | Killed Erolcha
 17192 | D:12     | Killed Kirke
 17513 | D:12     | Found a staircase to the Orcish Mines.
 17684 | Orc:1    | Entered Level 1 of the Orcish Mines
 17985 | Orc:2    | Entered Level 2 of the Orcish Mines
 18597 | Orc:2    | Found a staircase to the Elven Halls.
 18820 | Orc:2    | Noticed Maurice
 18821 | Orc:2    | Noticed an orc warlord
 18835 | Orc:2    | Killed an orc warlord
 18835 | Orc:2    | Enslaved an orc warlord
 18850 | Orc:2    | Reached skill level 14 in Fighting
 18851 | Orc:2    | Killed Maurice
 18963 | Orc:2    | Found Rudeac's Weapon Shop.
 19006 | Orc:2    | Found Voacualo's Jewellery Emporium.
 19029 | Orc:2    | Your ally Maurice died
 19087 | Orc:2    | Reached XP level 15. HP: 78/88 MP: 21/25
 19442 | Orc:2    | Reached skill level 5 in Shields
 19628 | Orc:2    | Found Tingijap's Magic Scroll Boutique.
 19696 | Orc:2    | Bought a scroll of fog for 52 gold pieces
 19696 | Orc:2    | Bought a scroll of teleportation for 39 gold pieces
 19702 | Orc:2    | Found Qoczar's Weapon Shop.
 19878 | Orc:2    | Reached XP level 16. HP: 93/93 MP: 26/26
 19975 | D:13     | Found a gate to the Vaults.
 20005 | D:13     | You fall into a shaft and drop 1 floor!
 21274 | D:14     | Reached skill level 15 in Fighting
 22126 | D:13     | Found Alopauh's General Store.
 22133 | D:13     | Bought a potion of mutation for 120 gold pieces
 22720 | D:15     | Entered Level 15 of the Dungeon
 23128 | D:15     | Found a staircase to the Depths.
 23306 | D:15     | Reached XP level 17. HP: 65/100 MP: 18/28
 23816 | D:15     | Upgraded the game from 0.29-a0-1052-g6990b1bffc to
                  | 0.29-a0-1065-g47a6bb87d6
 24064 | Snake:1  | Entered Level 1 of the Snake Pit
 24391 | Snake:1  | Reached skill level 16 in Fighting
 24470 | Snake:1  | Found Pien's Antique Weapon Boutique.
 24472 | Snake:1  | Found Keong's Distillery.
 24472 | Snake:1  | Found Qimowoblo's Antique Weapon Boutique.
 24477 | Snake:1  | Found Govucul's Distillery.
 24485 | Snake:1  | Bought a potion of might for 48 gold pieces
 24485 | Snake:1  | Bought a potion of haste for 120 gold pieces
 24488 | Snake:1  | Bought a potion of haste for 100 gold pieces
 24657 | Snake:1  | Noticed Aizul
 24671 | Snake:1  | Killed Aizul
 24928 | Snake:1  | Reached skill level 10 in Evocations
 25155 | Snake:1  | Reached skill level 10 in Shields
 25990 | Snake:2  | Found Ikohiyra's Armour Emporium.
 26199 | Snake:2  | Noticed Jorgrun
 26341 | Snake:1  | Killed from afar by a salamander tyrant

Illustrated notes

Levels and vault maps discovered:
D:1:      minmay_arrival_open_corners, layout_loops_corners,
          chequers_ecumenical_altar_simple_redux, minmay_tiny_reverse_x
D:2:      layout_rooms, uniq_robin
D:3:      layout_basic, lemuel_crystal_altar
D:4:      layout_basic, gammafunk_ghost_mausoleum, st_stairs_12, uniq_grinder,
          uniq_crazy_yiuf_cottage
D:5:      layout_layer_cave, mainiacjoe_overflow_alcove_2,
          grunt_dithmenos_shadows, serial_bayou_crossing
D:6:      nicolae_cairo_tiling_large, layout_rooms,
          nicolae_overflow_hidden_temple, minmay_temple_entry_overgrown,
          cheibrodos_sewer_entry_drain, minmay_misc_feat_iff, uniq_eustachio,
          uniq_sigmund
D:7:      layout_loops_corners, grunt_temple_overflow_open,
          reono_crystal_passage, minmay_misc_feat_chi, uniq_pikel
D:8:      layout_basic, dpeg_oklobed_lair, uniq_grum
D:9:      layout_stronghold, grunt_gozag_statues, mainiacjoe_overflow_boulevard,
          uniq_joseph
D:10:     layout_loops_ring, minmay_protected_statue
D:11:     minmay_spotlight, layout_basic
D:12:     layout_cave_pools, hiddenorc1_lemuel, chequers_serial_rivers_micro_c,
          uniq_erolcha, uniq_kirke
D:13:     nicolae_hexawheel, layout_basic, david_vaults_3, serial_shops,
          nicolae_shop_trees
D:14:     layout_basic, chequers_serial_rivers_large_b, hangedman_incinerator
D:15:     hangedman_depths_entry_civil_slaughter, layout_loops_ring,
          serial_glass, glass_columns_a, glass_columns_a, nrook_campfire,
          lemuel_old_faithful
Temple:   nicolae_temple_bog_church
Lair:1:   layout_roguey, grunt_megastairs_3
Lair:2:   layout_regular_city, skrybe_swamp_entry_bodies, ebering_ghost_xom,
          chequers_serial_rivers_micro_a, grunt_forest_large_clearings
Lair:3:   layout_regular_city, minmay_snake_entry_guardpost_small,
          ebering_ghost_funeral_grove, pf_torpor_hydra, serial_bayou_shore_a
Lair:4:   layout_long_grid, eino_small_chamber_without_monster,
          chequers_serial_rivers_room_b, minivault_23
Lair:5:   gammafunk_lair_ancient_temple, layout_big_grid, slime_entry_1,
          cheibrodos_lair_lostbears, serial_bayou_shore_b, lemuel_fruit_fields,
          uniq_urug, uniq_josephine
Snake:1:  layout_rooms, nicolae_snake_magic_snake_eye, minmay_shoptagon,
          uniq_aizul
Snake:2:  layout_rooms, minmay_shop_grid_forest, uniq_jorgrun
Orc:1:    layout_caves
Orc:2:    pubby_orc_utopia, uniq_maurice

Skill      XL: |  1  2  3  4  5  6  7  8  9 10 11 12 13 14 15 16 17 |
---------------+----------------------------------------------------+-----
Short Blades   | 2 3 4 6 7 9 10 | 10.0
Fighting       | 2 3 4 5 6 8 10 11 12 14 15 16 | 16.5
Throwing       | 2 |  2.5
Evocations     | 1 2 3 4 5 8 11 | 11.1
Invocations    | 2 5 7 9 11 13 14 | 14.7
Armour         | 2 3 4 7 |  7.6
Dodging        | 1 2 |  2.2
Shields        | 4 6 9 10 | 10.6
Stealth        | |  4.8

Action                   |  1- 3 |  4- 6 |  7- 9 | 10-12 | 13-15 | 16-18 || total
-------------------------+-------+-------+-------+-------+-------+-------++-------
Melee: Dagger            |   105 |   245 |   349 |   944 |  1139 |  1209 ||  3991
       Bite              |    30 |    63 |   139 |   383 |   562 |   630 ||  1807
       Punch             |     2 |     1 |     2 |    15 |    11 |       ||    31
Throw: Dart              |    12 |     1 |     9 |       |     5 |     4 ||    31
Invok: Dark Bargain      |       |       |       |     4 |     6 |     4 ||    14
       Bind Soul         |       |       |       |       |     2 |       ||     2
       Recall Undead Har |       |       |       |       |     2 |     2 ||     4
       Drain Life        |       |       |       |       |     2 |       ||     2
Evoke: Wand              |       |       |     5 |    22 |    15 |    10 ||    52
       Phantom mirror    |       |       |       |       |     1 |     1 ||     2
  Use: Scroll            |       |     9 |     4 |    10 |     8 |    14 ||    45
       Potion            |       |       |       |     1 |     1 |     1 ||     3
 Stab: Sleeping          |     5 |     7 |     3 |    11 |    11 |     3 ||    40
       Distracted        |       |       |       |     8 |    15 |    13 ||    36
       Invisible         |       |       |       |     3 |     7 |       ||    10
       Fleeing           |       |       |       |       |     1 |       ||     1
       Paralysed         |       |       |       |       |       |     1 ||     1
Armor: Robe              |     2 |       |       |       |       |       ||     2
       Leather armour    |    12 |       |       |       |       |       ||    12
       Ring mail         |    15 |    63 |   113 |   270 |   249 |   290 ||  1000
Dodge: Dodged            |    57 |    71 |   123 |   232 |   226 |   201 ||   910
Block: Kite shield       |       |       |       |       |   210 |   474 ||   684

Table legend: (Time is in decaauts)
 A = Elapsed time spent in this place.
 B = Non-inter-level travel time spent in this place.
 C = Inter-level travel time spent in this place.
 D = Time resting spent in this place.
 E = Time spent auto-exploring this place.
 F = Levels seen in this place.
 G = Mean time per level.
                   A        B        C        D        E       F      G
               +--------+--------+--------+--------+--------+-----+--------+
         Total |  28387 |  26236 |   2151 |    713 |  20173 |  26 | 1091.8 |
       Dungeon |  16801 |  15398 |   1403 |    151 |  12337 |  15 | 1120.1 |
        Temple |    136 |    101 |     35 |      0 |      0 |   1 |  136.0 |
          Lair |   6829 |   6490 |    339 |    398 |   4991 |   5 | 1365.8 |
     Snake Pit |   2149 |   1925 |    224 |    164 |   1167 |   2 | 1074.5 |
  Orcish Mines |   2334 |   2185 |    149 |      0 |   1583 |   2 | 1167.0 |
         Sewer |    137 |    137 |      0 |      0 |     93 |   1 |  137.0 |
               +--------+--------+--------+--------+--------+-----+--------+

Top non-repeatable levels by time:
   Orc:2: 2048 daAuts
 Snake:1: 2022 daAuts
  Lair:3: 1688 daAuts
    D:14: 1602 daAuts
     D:1: 1596 daAuts
    D:13: 1553 daAuts
     D:9: 1539 daAuts
  Lair:5: 1453 daAuts
  Lair:2: 1433 daAuts
     D:5: 1258 daAuts
    D:15: 1245 daAuts
  Lair:1: 1144 daAuts
    D:10: 1137 daAuts
  Lair:4: 1109 daAuts
     D:8: 1106 daAuts
